MID
CLINTON LUMBERKINGS @ HICKORY CRAWDADS
07/01/2048
 
TOP OF THE 1ST
Clinton LumberKings batting - Pitching for Hickory Crawdads : RHP Mario Vizcaya
Pitching: RHP Mario Vizcaya
Batting: RHB Rich Justice 0-0: Bunt for hit to 15 - play at first, batter safe!
Batting: LHB Josh Gottlieb 0-0: Hit by Pitch
Rich Justice to second
Batting: LHB Jason Kinney 0-0: Ball
1-0: Called Strike
1-1: Ball
2-1: Swinging Strike
2-2: Ball
3-2: Foul Ball, location: 2F
3-2: Strikes out swinging
Batting: RHB Kinzo Yokoyama 0-0: Swinging Strike
0-1: Ball
1-1: Foul Ball, location: 2F
1-2: Strikes out looking
Batting: RHB Tze-meng Li 0-0: Called Strike
0-1: Swinging Strike
0-2: Ball
1-2: Foul Ball, location: 2F
1-2: Ball
2-2: Ball
3-2: Strikes out swinging
Top of the 1st over - 0 runs, 1 hit, 0 errors, 2 left on base; Clinton 0 - Hickory 0
BOTTOM OF THE 1ST
Hickory Crawdads batting - Pitching for Clinton LumberKings : LHP Carlos Munoz
Pitching: LHP Carlos Munoz
Batting: RHB Aaron Moore 0-0: Foul Ball, location: 2F
0-1: Ball
1-1: Ball
2-1: SOLO HOME RUN (Flyball, 78XD, EV 115.0 MPH), Distance : 442 ft
Batting: SHB Quido van Erp 0-0: Swinging Strike
0-1: Ball
1-1: Ball
2-1: Foul Ball, location: 2F
2-2: Foul Ball, location: 2F
2-2: Strikes out swinging
Batting: RHB Salvador Caldera 0-0: Ball
1-0: Called Strike
1-1: Ball
2-1: Foul Ball, location: 2F
2-2: Strikes out looking
Batting: RHB Victor Moya 0-0: Called Strike
0-1: Swinging Strike
0-2: Strikes out swinging
Bottom of the 1st over - 1 run, 1 hit, 0 errors, 0 left on base; Clinton 0 - Hickory 1
TOP OF THE 2ND
Clinton LumberKings batting - Pitching for Hickory Crawdads : RHP Mario Vizcaya
Batting: SHB Frank Amato 0-0: Ball
1-0: Called Strike
1-1: Called Strike
1-2: Strikes out swinging
Batting: RHB Jung-wan Aan 0-0: Ground out 6-3 (Groundball, 6, EV 98.1 MPH)
Batting: RHB Bryan Shuller 0-0: Called Strike
0-1: Ball
1-1: Called Strike
1-2: Strikes out swinging
Top of the 2nd over - 0 runs, 0 hits, 0 errors, 0 left on base; Clinton 0 - Hickory 1
BOTTOM OF THE 2ND
Hickory Crawdads batting - Pitching for Clinton LumberKings : LHP Carlos Munoz
Batting: LHB Tim Olsen 0-0: Ball
1-0: SOLO HOME RUN (Line Drive, 9D, EV 106.2 MPH), Distance : 398 ft
Batting: RHB Dave Brabo 0-0: Foul Ball, location: 2F
0-1: Ball
1-1: Foul Ball, location: 2F
1-2: Strikes out swinging
Batting: RHB Zach Koblinski 0-0: Called Strike
0-1: Ball
1-1: Ball
2-1: Swinging Strike
2-2: Strikes out swinging
Batting: RHB Johannes Gutermuth 0-0: Foul Ball, location: 2F
0-1: Foul Ball, location: 2F
0-2: Ball
1-2: Fly out, F4 (Popup, 4, EV 61.9 MPH)
Bottom of the 2nd over - 1 run, 1 hit, 0 errors, 0 left on base; Clinton 0 - Hickory 2
TOP OF THE 3RD
Clinton LumberKings batting - Pitching for Hickory Crawdads : RHP Mario Vizcaya
Batting: RHB David Greene 0-0: Foul Ball, location: 2F
0-1: Swinging Strike
0-2: Ball
1-2: Strikes out looking
Batting: RHB Rich Justice 0-0: Ball
1-0: SINGLE (Line Drive, 6MD, EV 100.6 MPH)
Batting: LHB Josh Gottlieb 0-0: Fielders Choice at 2nd, 5-4 (Groundball, 5L, EV 80.0 MPH)
Batting: LHB Jason Kinney 0-0: Called Strike
0-1: Ball
1-1: Ball
2-1: Ball
3-1: Foul Ball, location: 2F
3-2: Foul Ball, location: 2F
3-2: SINGLE (Line Drive, 4MD, EV 96.2 MPH)
Josh Gottlieb to second
Josh Gottlieb to third
Batting: RHB Kinzo Yokoyama 0-0: Ball
1-0: Called Strike
1-1: SINGLE (Groundball, 56D, EV 100.0 MPH)
Josh Gottlieb scores
Jason Kinney to second
Batting: RHB Tze-meng Li 0-0: Ball
1-0: Swinging Strike
1-1: Foul Ball, location: 2F
1-2: Ball
2-2: Ball
3-2: Foul Ball, location: 2F
3-2: Foul Ball, location: 2F
3-2: Foul Ball, location: 2F
3-2: Base on Balls
Jason Kinney to third
Kinzo Yokoyama to second
Batting: SHB Frank Amato 0-0: Swinging Strike
0-1: Ball
1-1: Swinging Strike
1-2: Ball
2-2: Foul Ball, location: 2F
2-2: Foul Ball, location: 2F
2-2: Foul Ball, location: 2F
2-2: Ground out 4-3 (Groundball, 4, EV 100.6 MPH)
Top of the 3rd over - 1 run, 3 hits, 0 errors, 3 left on base; Clinton 1 - Hickory 2
BOTTOM OF THE 3RD
Hickory Crawdads batting - Pitching for Clinton LumberKings : LHP Carlos Munoz
Batting: RHB Zach Thomason 0-0: Ball
1-0: Foul Ball, location: 2F
1-1: Called Strike
1-2: Ball
2-2: Ball
3-2: Foul Ball, location: 2F
3-2: Ground out 5-3 (Groundball, 56, EV 101.2 MPH)
Batting: RHB Aaron Moore 0-0: SINGLE (Groundball, 6MD, EV 106.9 MPH)
Batting: SHB Quido van Erp 0-0: Ball
1-0: Called Strike
1-1: Ball
2-1: Ball
3-1: Called Strike
3-2: Foul Ball, location: 2F
3-2: Ground out 6-3 (Groundball, 6, EV 105.6 MPH)
Aaron Moore to second
Batting: RHB Salvador Caldera 0-0: Called Strike
0-1: Ball
1-1: Swinging Strike
1-2: Ball
2-2: Ground out 4-3 (Groundball, 4M, EV 109.4 MPH)
Bottom of the 3rd over - 0 runs, 1 hit, 0 errors, 1 left on base; Clinton 1 - Hickory 2
TOP OF THE 4TH
Clinton LumberKings batting - Pitching for Hickory Crawdads : RHP Mario Vizcaya
Batting: RHB Jung-wan Aan 0-0: Called Strike
0-1: Ball
1-1: Ground out 3-1 (Groundball, 34S, EV 87.5 MPH)
Batting: RHB Bryan Shuller 0-0: Ball
1-0: Ground out 6-3 (Groundball, 6S, EV 86.9 MPH)
Batting: RHB David Greene 0-0: Ball
1-0: Foul Ball, location: 2F
1-1: Called Strike
1-2: Strikes out swinging
Top of the 4th over - 0 runs, 0 hits, 0 errors, 0 left on base; Clinton 1 - Hickory 2
BOTTOM OF THE 4TH
Hickory Crawdads batting - Pitching for Clinton LumberKings : LHP Carlos Munoz
Batting: RHB Victor Moya 0-0: Ball
1-0: Ball
2-0: Swinging Strike
2-1: Swinging Strike
2-2: SINGLE (Groundball, 34D, EV 102.5 MPH)
Batting: LHB Tim Olsen 0-0: Ball
1-0: Fielders Choice at 2nd, 3-6 (Groundball, 3, EV 80.6 MPH)
Batting: RHB Dave Brabo 0-0: Ball
Tim Olsen is caught stealing 2nd base 2-4
1-0: Ball
2-0: Foul Ball, location: 2F
2-1: Ball
3-1: Base on Balls
Batting: RHB Zach Koblinski 0-0: Foul Ball, location: 2F
0-1: Ball
1-1: Foul Ball, location: 2F
1-2: Ground out 4-3 (Groundball, 4, EV 105.0 MPH)
Bottom of the 4th over - 0 runs, 1 hit, 0 errors, 1 left on base; Clinton 1 - Hickory 2
TOP OF THE 5TH
Clinton LumberKings batting - Pitching for Hickory Crawdads : RHP Mario Vizcaya
Batting: RHB Rich Justice 0-0: Ball
1-0: Called Strike
1-1: Ball
2-1: Foul Ball, location: 2F
2-2: Strikes out swinging
Batting: LHB Josh Gottlieb 0-0: Fly out, F3 (Line Drive, 34, EV 88.1 MPH)
Batting: LHB Jason Kinney 0-0: Called Strike
0-1: Ball
1-1: Ball
2-1: Ball
3-1: Foul Ball, location: 2F
3-2: Strikes out swinging
Top of the 5th over - 0 runs, 0 hits, 0 errors, 0 left on base; Clinton 1 - Hickory 2
BOTTOM OF THE 5TH
Hickory Crawdads batting - Pitching for Clinton LumberKings : LHP Carlos Munoz
Pitching: RHP Daniel Villalobos
Batting: RHB Johannes Gutermuth 0-0: Foul Ball, location: 2F
0-1: Ball
1-1: SINGLE (Groundball, 4D, EV 111.2 MPH)
Batting: RHB Zach Thomason 0-0: Ball
1-0: Grounds into double play, 6-4-3 (Groundball, 6, EV 98.8 MPH)
Batting: RHB Aaron Moore 0-0: Ground out 1-3 (Groundball, 15S, EV 73.1 MPH)
Bottom of the 5th over - 0 runs, 1 hit, 0 errors, 0 left on base; Clinton 1 - Hickory 2
TOP OF THE 6TH
Clinton LumberKings batting - Pitching for Hickory Crawdads : RHP Mario Vizcaya
Batting: RHB Kinzo Yokoyama 0-0: Foul Ball, location: 2F
0-1: Called Strike
0-2: Ball
1-2: Foul Ball, location: 2F
1-2: Foul Ball, location: 2F
1-2: Ball
2-2: Foul Ball, location: 2F
2-2: Strikes out swinging
Batting: RHB Tze-meng Li 0-0: Called Strike
0-1: Called Strike
0-2: Foul Ball, location: 2F
0-2: Ball
1-2: Ball
2-2: DOUBLE (Line Drive, 89D, EV 110.6 MPH)
Batting: SHB Frank Amato 0-0: Ground out 6-3 (Groundball, 6, EV 79.4 MPH)
Batting: RHB Jung-wan Aan 0-0: Called Strike
0-1: Ball
1-1: SINGLE (Line Drive, 8RS, EV 95.6 MPH)
Tze-meng Li to third
Runner from 3rd tries for Home, SAFE, throw by CF to home
Jung-wan Aan to second
Batting: RHB Bryan Shuller 0-0: Called Strike
0-1: Foul Ball, location: 2F
0-2: Foul Ball, location: 2F
0-2: Ball
1-2: Foul Ball, location: 2F
1-2: Ground out 4-3 (Groundball, 4M, EV 87.5 MPH)
Top of the 6th over - 1 run, 2 hits, 0 errors, 1 left on base; Clinton 2 - Hickory 2
BOTTOM OF THE 6TH
Hickory Crawdads batting - Pitching for Clinton LumberKings : RHP Daniel Villalobos
Batting: SHB Quido van Erp 0-0: Called Strike
0-1: Ball
1-1: Foul Ball, location: 2F
1-2: SINGLE (Flyball, 34D, EV 88.1 MPH)
Batting: RHB Salvador Caldera 0-0: Ball
Wild Pitch!
Quido van Erp to second
1-0: Foul Ball, location: 2F
1-1: Foul Ball, location: 2F
1-2: Ball
2-2: Ball
3-2: Ground out 6-3 (Groundball, 6M, EV 103.1 MPH)
Quido van Erp to third
Batting: RHB Victor Moya 0-0: Ball
1-0: Called Strike
1-1: Ball
2-1: Ball
3-1: Base on Balls
Batting: LHB Tim Olsen 0-0: Ball
Victor Moya steals 2nd, throwing error, E2
Quido van Erp scores
Victor Moya to third
1-0: Foul Ball, location: 2F
1-1: Fly out, F7 (Flyball, 7, EV 86.9 MPH)
Batting: RHB Dave Brabo 0-0: Ground out 4-3 (Groundball, 4M, EV 104.4 MPH)
Bottom of the 6th over - 1 run, 1 hit, 1 error, 1 left on base; Clinton 2 - Hickory 3
TOP OF THE 7TH
Clinton LumberKings batting - Pitching for Hickory Crawdads : RHP Mario Vizcaya
Pitching: RHP Miguel Arguello
Now in LF: Caleb Domino
Batting: RHB David Greene 0-0: Ball
1-0: Ball
2-0: Called Strike
2-1: Foul Ball, location: 2F
2-2: Strikes out swinging
Batting: RHB Rich Justice 0-0: Ball
1-0: Called Strike
1-1: Foul Ball, location: 2F
1-2: Ball
2-2: Strikes out swinging
Batting: LHB Josh Gottlieb 0-0: Ball
1-0: Ground out 5-3 (Groundball, 56, EV 91.2 MPH)
Top of the 7th over - 0 runs, 0 hits, 0 errors, 0 left on base; Clinton 2 - Hickory 3
BOTTOM OF THE 7TH
Hickory Crawdads batting - Pitching for Clinton LumberKings : RHP Daniel Villalobos
Pitching: RHP Lorenzo Gutierrez
Batting: RHB Zach Koblinski 0-0: Called Strike
0-1: Ball
1-1: Reached on error, E5 (Groundball, 15, EV 78.1 MPH)
Batting: RHB Johannes Gutermuth 0-0: Ball
1-0: Ball
2-0: Ball
3-0: Called Strike
3-1: Fielders Choice at 2nd, 4-6 (Groundball, 4, EV 83.8 MPH)
Batting: RHB Zach Thomason 0-0: Foul Ball, location: 2F
0-1: Ball
1-1: Swinging Strike
1-2: Foul Ball, location: 2F
1-2: Ball
2-2: Foul Ball, location: 2F
2-2: Fly out, F8 (Line Drive, 78M, EV 92.5 MPH)
Batting: RHB Aaron Moore 0-0: Ball
1-0: SINGLE (Groundball, 56D, EV 94.4 MPH)
Johannes Gutermuth to second
Runner from 2nd tries for 3rd, OUT! 7-5
Bottom of the 7th over - 0 runs, 1 hit, 1 error, 1 left on base; Clinton 2 - Hickory 3
TOP OF THE 8TH
Clinton LumberKings batting - Pitching for Hickory Crawdads : RHP Miguel Arguello
Batting: LHB Jason Kinney 0-0: Ball
1-0: Ball
2-0: Called Strike
2-1: DOUBLE (Flyball, 78XD, EV 103.8 MPH)
Batting: RHB Kinzo Yokoyama 0-0: Called Strike
0-1: Ball
1-1: Ball
2-1: Foul Ball, location: 2F
2-2: 2-RUN HOME RUN (Flyball, 89XD, EV 107.5 MPH), Distance : 436 ft
Batting: RHB Tze-meng Li 0-0: Ball
1-0: SINGLE (Groundball, 6D, EV 103.8 MPH)
Batting: SHB Frank Amato 0-0: Called Strike
0-1: DOUBLE (Flyball, 89XD, EV 103.8 MPH)
Tze-meng Li to third
Runner from 3rd tries for Home, SAFE, throw by CF to home
Batting: RHB Jung-wan Aan 0-0: Ball
1-0: Ball
2-0: Ground out 5-3 (Groundball, 5L, EV 101.2 MPH)
Batting: RHB Bryan Shuller 0-0: Called Strike
0-1: Swinging Strike
0-2: Ball
1-2: Ball
2-2: Foul Ball, location: 2F
2-2: Strikes out looking
Pitching: LHP Tommy McCusker
Batting: RHB David Greene 0-0: Called Strike
0-1: Ball
1-1: Foul Ball, location: 2F
1-2: Ball
Wild Pitch!
Frank Amato to third
2-2: Ball
3-2: Foul Ball, location: 2F
3-2: Foul Ball, location: 2F
3-2: Foul Ball, location: 2F
3-2: Ground out 6-3 (Groundball, 6, EV 110.0 MPH)
Top of the 8th over - 3 runs, 4 hits, 0 errors, 1 left on base; Clinton 5 - Hickory 3
BOTTOM OF THE 8TH
Hickory Crawdads batting - Pitching for Clinton LumberKings : RHP Lorenzo Gutierrez
Pitching: LHP Adam Schmidt
Pinch Hitting: RHB Matthew Starr 0-0: Called Strike
0-1: Ball
1-1: Fly out, F9 (Flyball, 9D, EV 94.4 MPH)
Pitching: RHP Luis Pantoja
Batting: RHB Salvador Caldera 0-0: Ball
1-0: Called Strike
1-1: SINGLE (Groundball, 6D, EV 104.4 MPH)
Pinch Hitting: LHB Brian Gray 0-0: Called Strike
0-1: Foul Ball, location: 2F
0-2: Ball
1-2: Foul Ball, location: 2F
1-2: Ball
2-2: Strikes out swinging
Batting: LHB Tim Olsen 0-0: Called Strike
0-1: Fly out, F9 (Flyball, 9, EV 85.6 MPH)
Bottom of the 8th over - 0 runs, 1 hit, 0 errors, 1 left on base; Clinton 5 - Hickory 3
TOP OF THE 9TH
Clinton LumberKings batting - Pitching for Hickory Crawdads : LHP Tommy McCusker
Pitching: RHP Errol Dondale
Now at 1B: Dermott Neill
Now in LF: Brian Gray
Batting: RHB Rich Justice 0-0: Called Strike
0-1: Called Strike
0-2: Ball
1-2: Foul Ball, location: 2F
1-2: Strikes out looking
Batting: LHB Josh Gottlieb 0-0: Ball
1-0: Ball
2-0: SINGLE (Groundball, 6MD, EV 98.1 MPH)
Batting: LHB Jason Kinney 0-0: Ball
Pickoff Throw by Catcher to First - Out!
1-0: Swinging Strike
1-1: Swinging Strike
1-2: Ball
2-2: Strikes out swinging
Top of the 9th over - 0 runs, 1 hit, 0 errors, 0 left on base; Clinton 5 - Hickory 3
BOTTOM OF THE 9TH
Hickory Crawdads batting - Pitching for Clinton LumberKings : RHP Luis Pantoja
Pitching: RHP Dave Williams
Batting: RHB Dave Brabo 0-0: Called Strike
0-1: Swinging Strike
0-2: Ball
1-2: Ball
2-2: Foul Ball, location: 2F
2-2: Foul Ball, location: 2F
2-2: Foul Ball, location: 2F
2-2: Foul Ball, location: 2F
2-2: Ground out 4-3 (Groundball, 4, EV 103.8 MPH)
Pinch Hitting: LHB Lee Gerken 0-0: Called Strike
0-1: Ball
1-1: SINGLE (Line Drive, 6MD, EV 94.4 MPH)
Pinch Hitting: SHB Todd Hewitt 0-0: Ball
1-0: Called Strike
1-1: Fly out, F8 (Flyball, 8LXD, EV 101.9 MPH)
Batting: RHB Zach Thomason 0-0: Ball
1-0: Foul Ball, location: 2F
1-1: Fly out, F9 (Flyball, 9S, EV 90.6 MPH)
Bottom of the 9th over - 0 runs, 1 hit, 0 errors, 1 left on base; Clinton 5 - Hickory 3
Tuesday, March 28th , 2023 - OOTP Baseball 23.10 Build 110